 Dungeon Crawl Stone Soup version 0.30-a0-374-g95c0257040 (webtiles) character file.

Game seed: 1086276563617738269

326 Conn the Firebug (level 6, -2/37 HPs)
             Began as an Octopode Fire Elementalist on Nov 26, 2022.
             Slain by a quokka (4 damage)
             ... on level 4 of the Dungeon.
             The game lasted 00:06:33 (2994 turns).

Conn the Firebug (Octopode Fire Elementalist)       Turns: 2994, Time: 00:06:34

Health: -2/37      AC:  1    Str:  7    XL:     6   Next: 49%
Magic:  10/10      EV: 13    Int: 20    God:
Gold:   122        SH:  0    Dex: 12    Spells: 10/11 levels left

rFire   . . .      SeeInvis .    a - +0 dagger
rCold   . . .      Faith    .    (no shield)
rNeg    . . .      Spirit   .    (helmet restricted)
rPois   .          Reflect  .    (no amulet)
rElec   .          Harm     .    (no ring)
rCorr   .          Rampage  .    (no ring)
Will    .....                    (no ring)
Stlth   +++.......               (no ring)
HPRegen 0.26/turn                (no ring)
MPRegen 0.12/turn                (no ring)
                                 (no ring)
                                 (no ring)

@: mighty, flying, invisible
A: almost no armour, amphibious, 8 rings, camouflage 1, gelatinous body 1,
(nimble swimmer 1), tentacles
a: no special abilities


You were on level 4 of the Dungeon.
You visited 1 branch of the dungeon, and saw 4 of its levels.

You collected 122 gold pieces.

Inventory:

Hand Weapons
 a - a +0 dagger (weapon)
 b - a +1 sling of freezing
Wands
 p - a wand of digging (6)
 r - a wand of polymorph (10)
Scrolls
 c - a scroll of amnesia {unknown}
 d - a scroll of silence {unknown}
 f - a scroll of immolation {unknown}
 g - a scroll of enchant armour {unknown}
 i - 2 scrolls of blinking {unknown}
 j - a scroll of magic mapping {unknown}
 o - a scroll of teleportation {unknown}
 q - a scroll of noise {unknown}
 s - a scroll of identify {unknown}
Potions
 e - 2 potions of magic
 h - a potion of degeneration {unknown}
 k - 3 potions of flight
 l - a potion of might
 m - a potion of invisibility
 n - a potion of curing {unknown}


   Skills:
 + Level 0.7 Fighting
 + Level 0.9 Short Blades
 + Level 0.2 Ranged Weapons
 + Level 2.4 Dodging
 + Level 4.0 Stealth
 + Level 0.2 Unarmed Combat
 + Level 3.2 Spellcasting
 + Level 2.9 Conjurations
 + Level 4.6 Fire Magic


You had 10 spell levels left.
You knew the following spells:

 Your Spells              Type           Power      Damage    Failure   Level
a - Foxfire               Conj/Fire      72%        2x1d7     3%          1

Your spell library contained the following spells:

 Spells                   Type           Power      Damage    Failure   Level
 Scorch                   Fire           42%        2d7       3%          2
 Inner Flame              Hex/Fire       12%        N/A       16%         3
 Kindle Blastsparks       Fire/Tloc/Air  18%        2d11      22%         3
 Flame Wave               Conj/Fire      18%        2d7       28%         4


Dungeon Overview and Level Annotations

Branches:
Dungeon (4/15)
 Temple: D:4-7

Altars:
Trog
Uskayaw

Shops:
D:4 *

Annotations:
D:4 Duvessa


Innate Abilities, Weirdness & Mutations

You cannot wear most types of armour.
You are amphibious.
You can wear up to eight rings at the same time.
Your skin changes colour to match your surroundings (Stealth+).
Your rubbery body absorbs attacks. (AC +1, EV +1)
((You are camouflaged when in or above water. (Stealth+)))
You have tentacles for arms and can constrict up to eight enemies at once.


Message History

The quokka attacks as you move away! The quokka closely misses you.
Duvessa says, "Where magic fails, the sword succeeds!"
The quokka attacks as you move away! The quokka bites you.
Duvessa zaps a wand.
The roots erupt in riotous growth!
The grasping roots grab you!
The quokka is unaffected.
The grasping roots constrict you! The quokka bites you.
You hear a shout! x2
You escape the roots grasp.
The quokka attacks as you move away! The quokka closely misses you.
Duvessa zaps a wand.
The roots erupt in riotous growth!
The quokka is unaffected.
The grasping roots grab you! The grasping roots constrict you!
The quokka bites you.
You hear a shout!
Unknown command.
You escape the roots grasp.
The quokka bites you.
Duvessa zaps a wand.
The roots erupt in riotous growth!
The quokka is unaffected.
The grasping roots grab you! The grasping roots constrict you.
You hear a shout!
Unknown command.
You escape the roots grasp.
The quokka attacks as you move away! The quokka bites you.
* * * LOW HITPOINT WARNING * * *
The quokka bites you.
* * * LOW HITPOINT WARNING * * *
It was a potion of flight.
You feel very buoyant.
You fly up into the air.
The quokka closely misses you.
It was a potion of might.
You feel very mighty all of a sudden. The quokka bites you.
* * * LOW HITPOINT WARNING * * *
It was a potion of invisibility.
You fade into invisibility!
The quokka bites you.
You die...

##..#........###....###.##..)#.#.
#......#.....# #.....##..........
...... #....## ##...[...)........
#....###....# ##...##..........
#..........#######..##...........
##......##..#.##....#............
.#........e........##............
.......##.###.#r........>........
........#..##.#.@##......#......#
#....e........#..##............##
#.......###.....#....#......>....
........# #..##.....##..###......
........# ##.####.#..#..###..##..
........# #.###.........#..###..
.......## ##..##..........#..#...
.....### #.............###..#...
....## ##...#.....#### ##...##


You could see a quokka (unable to see you).

Vanquished Creatures
  Sigmund (D:3)
  2 hounds (D:4)
  6 adders
  2 worms
  An orc (D:3)
  4 ball pythons
  6 endoplasms
  3 giant cockroaches
  2 goblins
  7 hobgoblins
  4 kobolds
  5 quokkas
  2 bats (D:1)
  A frilled lizard (D:1)
  3 rats
49 creatures vanquished.

Vanquished Creatures (others)
  185 foxfires
185 creatures vanquished.

Grand Total: 234 creatures vanquished

Notes
Turn   | Place    | Note
-------+----------+-------------------------------------------
     0 | D:1      | Conn the Octopode Fire Elementalist began the quest for the
                  | Orb.
     0 | D:1      | Reached XP level 1. HP: 11/11 MP: 3/3
   326 | D:1      | Reached XP level 2. HP: 17/17 MP: 1/5
  1274 | D:2      | Reached XP level 3. HP: 21/21 MP: 6/6
  1449 | D:2      | Found a faded altar of an unknown god.
  1547 | D:2      | Reached XP level 4. HP: 27/27 MP: 4/7
  2083 | D:3      | Found a bloodstained altar of Trog.
  2437 | D:3      | Noticed Sigmund
  2452 | D:3      | Killed Sigmund
  2453 | D:3      | Reached XP level 5. HP: 14/32 MP: 0/9
  2453 | D:3      | Reached XP level 6. HP: 17/37 MP: 0/10
  2831 | D:4      | Found Zov Ibi's Overcharged Wands.
  2943 | D:4      | Noticed a +0 hand axe
  2944 | D:4      | Found a hide-covered altar of Uskayaw.
  2944 | D:4      | Noticed a +0 dagger
  2968 | D:4      | Noticed Duvessa
  2994 | D:4      | Slain by a quokka

Illustrated notes

Levels and vault maps discovered:
D:1:      saegor_arrival_simple_a, layout_loops_corners
D:2:      layout_loops_ring, nicolae_ecumenical_pavilion
D:3:      layout_basic, lemuel_tele_altar, uniq_sigmund
D:4:      layout_cave_pools, dancing_weapons_uskayaw,
          nicolae_shop_overcharged_wands, uniq_duvessa, uniq_grinder, uniq_pargi

Skill      XL: |  1  2  3  4  5  6 |
---------------+-------------------+-----
Stealth        | 3 4 |  4.0
Fire Magic     | 4 |  4.6
Spellcasting   | 3 |  3.2
Conjurations   | 2 |  2.9
Fighting       | |  0.7
Short Blades   | |  0.9
Ranged Weapons | |  0.2
Dodging        | |  2.4
Unarmed Combat | |  0.2

Action                   |  1- 3 |  4- 6 || total
-------------------------+-------+-------++-------
Melee: Unarmed           |     4 |       ||     4
       Constrict         |     5 |     1 ||     6
       Tentacles         |     4 |       ||     4
       Dagger            |    17 |     7 ||    24
 Fire: Sling             |       |     9 ||     9
 Cast: Foxfire           |    44 |    63 ||   107
  Use: Potion            |       |     3 ||     3
 Stab: Sleeping          |     6 |     1 ||     7
Armor: Skin              |     1 |     1 ||     2
Dodge: Dodged            |     9 |    16 ||    25

Table legend: (Time is in decaauts)
 A = Elapsed time spent in this place.
 B = Non-inter-level travel time spent in this place.
 C = Inter-level travel time spent in this place.
 D = Time resting spent in this place.
 E = Time spent auto-exploring this place.
 F = Levels seen in this place.
 G = Mean time per level.
                   A        B        C        D        E       F      G
               +--------+--------+--------+--------+--------+-----+--------+
         Total |   2995 |   2914 |     81 |      0 |   2201 |   4 |  748.8 |
       Dungeon |   2995 |   2914 |     81 |      0 |   2201 |   4 |  748.8 |
               +--------+--------+--------+--------+--------+-----+--------+

Top non-repeatable levels by time:
     D:1: 1269 daAuts
     D:3: 731 daAuts
     D:2: 702 daAuts
     D:4: 291 daAuts
